 Dungeon Crawl Stone Soup version 0.31-a0-252-gc4385922b5 (webtiles) character file.

Game seed: 16381205336364107402

62 qw the Shooter (level 3, -3/29 HPs)
             Began as a Minotaur Hexslinger on July 12, 2023.
             Slain by Sigmund
             ... wielding a +0 scythe
              (9 damage)
             ... on level 2 of the Dungeon.
             The game lasted 00:00:30 (1499 turns).

qw the Shooter (Minotaur Hexslinger)                Turns: 1499, Time: 00:00:31

Health: -3/29      AC:  3    Str: 12    XL:     3   Next: 85%
Magic:  3/3        EV: 12    Int: 10    God:
Gold:   78         SH:  0    Dex: 14    Spells: 3/4 levels left

rFire   . . .        Y - +2 sling
rCold   . . .        (no shield)
rNeg    . . .        f - +0 leather armour
rPois   .            (helmet restricted)
rElec   .            (no cloak)
rCorr   .            (no gloves)
SInv    .            (no boots)
Will    .....        (no amulet)
Stlth   +            (no ring)
HPRegen 0.24/turn    (no ring)
MPRegen 0.08/turn

%: no passive effects
@: no status effects
A: horns 2, retaliatory headbutt
a: no special abilities


You were on level 2 of the Dungeon.
You visited 1 branch of the dungeon, and saw 2 of its levels.

You collected 78 gold pieces.


Innate Abilities, Weirdness & Mutations

You have a pair of horns on your head.
You reflexively headbutt those who attack you in melee.


   Skills:
 - Level 2.0 Fighting
 + Level 4.4 Ranged Weapons
 - Level 2.1 Dodging
 - Level 1.0 Spellcasting
 - Level 2.0 Hexes


You had 3 spell levels left.
You knew the following spells:

 Your Spells              Type           Power      Damage    Failure   Level
a - Slow                  Hex            16%        N/A       19%         1

Your spell library contained the following spells:

 Spells                   Type           Power      Damage    Failure   Level
 Inner Flame              Hex/Fire       2%         N/A       65%         3
 Portal Projectile        Hex/Tloc       4%         N/A       65%         3
 Cause Fear               Hex            2%         N/A       88%         4

Inventory:

Hand Weapons
 Y - a +2 sling (weapon)
Armour
 f - a +0 leather armour (worn)
Scrolls
 b - 2 scrolls of identify
 h - a scroll of enchant armour {unknown}
 j - a scroll of revelation {unknown}
 k - a scroll of fog {unknown}
 m - 3 scrolls of vulnerability {unknown}
Potions
 a - a potion of degeneration {unknown}
 c - 2 potions of heal wounds {unknown}
 d - a potion of haste {unknown}
 e - 3 potions of magic {unknown}
 i - a potion of curing {unknown}
 l - a potion of lignification {unknown}

Dungeon Overview and Level Annotations

Branches:
Dungeon (2/15)

Altars:

Annotations:
D:2 Sigmund


Message History

You shoot a sling bullet.
The sling bullet hits Sigmund but does no damage.
Sigmund is lightly wounded.
Sigmund misses you.
You shoot a sling bullet. The sling bullet barely misses Sigmund.
Sigmund barely misses you.
You shoot a sling bullet. The sling bullet barely misses Sigmund.
Sigmund points at you and mumbles some strange words.
The puff of flame misses you.
You shoot a sling bullet.
The sling bullet hits Sigmund but does no damage.
Sigmund is lightly wounded.
Sigmund hits you from afar with a +0 scythe!
You shoot a sling bullet. The sling bullet hits Sigmund.
Sigmund is moderately wounded.
Sigmund gestures at you while chanting. The puff of flame hits you!
Enter note:
Enter note:
Enter note:
Enter note:
Enter note:
Enter note:
1497 ||| READING scroll labelled RINUIBI DEEDUM.
Blink to where?
Press: ? - help, Dir - move target, f - you, p - Sigmund Are you sure you want to cancel this blink?
As you read the scroll labelled RINUIBI DEEDUM, it crumbles to dust.
It was a scroll of blinking.
Sigmund misses you.
Enter note:
Enter note:
Enter note:
Enter note:
Enter note:
Enter note: You shoot a sling bullet.
The sling bullet hits Sigmund.
Sigmund is heavily wounded.
Sigmund hits you with a +0 scythe!
You die...

#.# ..###### #
#.# ..# # #.# #
#.# # #.# #.#
#.# #
#.############.#
#..........@...#
########.###@###
#.# ....
#.#.#.#.#
#.#.#.#.# #.#
..# # #.# ###
#.. ###


You could see Sigmund.

Vanquished Creatures
  2 adders (D:2)
  2 dart slugs (D:1)
  An endoplasm (D:2)
  3 giant cockroaches
  7 goblins
  3 hobgoblins
  3 jackals
  A quokka (D:2)
  2 ball pythons
  5 bats
  2 frilled lizards (D:2)
  5 kobolds
  A rat (D:1)
37 creatures vanquished.

Notes
Turn   | Place    | Note
-------+----------+-------------------------------------------
     0 | D:1      | qw the Minotaur Hexslinger began the quest for the Orb.
     0 | D:1      | Reached XP level 1. HP: 16/16 MP: 1/1
     0 | D:1      | 0 ||| qw: Version: 0.3-a-52-g30416fa
     0 | D:1      | 0 ||| qw: Game counter: 6619
     0 | D:1      | 0 ||| qw: Melee chars always use a shield: true
     0 | D:1      | 0 ||| qw: God list: Okawaru
     0 | D:1      | 0 ||| qw: Allow faded altars: false
     0 | D:1      | 0 ||| qw: Do Orc after clearing Dungeon:15 true
     0 | D:1      | 0 ||| qw: Do second Lair branch before Depths: true
     0 | D:1      | 0 ||| qw: Lair rune preference: random
     0 | D:1      | 0 ||| qw: Goals: Normal
     0 | D:1      | 0 ||| PLANNING D:1-11
   137 | D:1      | Reached skill level 3 in Ranged Weapons
   137 | D:1      | Reached XP level 2. HP: 23/23 MP: 2/2
   793 | D:1      | 793 ||| UPGRADING to +0 leather armour.
   803 | D:1      | 803 ||| DROPPING +0 robe.
   804 | D:1      | 804 ||| READING scroll labelled JUTHRA UTSOISEVU.
   805 | D:1      | 805 ||| READING scroll labelled HAETHR XAOSMIRGH.
   806 | D:1      | 806 ||| DROPPING scroll of poison.
   876 | D:2      | Reached XP level 3. HP: 29/29 MP: 3/3
   886 | D:2      | Reached skill level 4 in Ranged Weapons
  1489 | D:2      | Noticed Sigmund
  1496 | D:2      | HP: 5/29 [Sigmund/puff of flame (11)]
  1497 | D:2      | 1497 ||| READING scroll labelled RINUIBI DEEDUM.
  1499 | D:2      | Slain by Sigmund

Levels and vault maps discovered:
D:1:      dpeg_arrival_arbitrary_b, layout_basic, minmay_pentomino_p4
D:2:      layout_basic, uniq_sigmund

Skill      XL: |  1  2  3 |
---------------+----------+-----
Ranged Weapons | 3 4 |  4.4
Fighting       | 2 |  2.0
Dodging        | |  2.1
Spellcasting   | |  1.0
Hexes          | |  2.0

Action                     || total
---------------------------++-------
   Fire: Sling             ||   100
    Use: Scroll            ||     3
 Armour: Robe              ||     3
         Leather armour    ||    10
  Dodge: Dodged            ||    17

Table legend:
 A = Non-vault XP
 B = Vault XP
 C = Vault XP percentage of total XP
 D = Non-vault monster count
 E = Vault monster count
 F = Vault count percentage of total count
                 A         B        C        D         E       F
            +---------+---------+-------+---------+---------+-------
      Total |      83 |       6 |   6.7 |      33 |       4 |  10.8
            +---------+---------+-------+---------+---------+-------
        D:1 |      28 |       6 |  17.6 |      14 |       4 |  22.2
        D:2 |      55 |       0 |   0.0 |      19 |       0 |   0.0
            +---------+---------+-------+---------+---------+-------
